 Dungeon Crawl Stone Soup version 0.31-a0-516-gfcb59812bd (webtiles) character file.

Game seed: 7380041316993329514

601702 Morbidden the Sorcerer (level 25, -2/230 HPs)
             Began as a Demonspawn Conjurer on Aug 8, 2023.
             Was the Champion of Vehumet.
             Killed from afar by a yellow draconian annihilator (29 damage)
             ... with a crystal spear
             ... on level 3 of the Realm of Zot on Aug 10, 2023.
             The game lasted 02:51:46 (72727 turns).

Morbidden the Sorcerer (Demonspawn Conjurer)       Turns: 72727, Time: 02:51:46

Health: -2/230     AC: 37    Str: 10    XL:     25   Next: 98%
Magic:  0/85       EV: 12    Int: 30    God:    Vehumet [******]
Gold:   4357       SH:  0    Dex: 12    Spells: 8/68 levels left

rFire   + + .        b - staff "Hevuyrabb" {rC++ rCorr MP+9 Conj}
rCold   + + .        R - crystal ball of Wucad Mu {*channel}
rNeg    + . .        L - +10 scale mail of Beogh's Condemnation {rF++ Stlth-}
rPois   .            l - +2 hat {Int+3}
rElec   .            (cloak unavailable)
rCorr   +            k - +2 pair of gloves {hurl}
SInv    .            r - +2 pair of boots {rampage}
Will    +....        H - macabre finger necklace {Finger+ rN+} Stlth
                     h - ring of magical power
HPRegen 1.38/turn    D - ring of magical power
MPRegen 0.98/turn    z - ring of magical power

%: guardian spirit, rampage, channel magic (40%)
@: confused, mighty, ambrosia-drunk, sanguine armoured, studying 2 skills
A: powered by pain 3, robust 2, magic shield, magic regeneration, magic link,
sanguine armour 3, weakness stinger 3, large bone plates 1, dopey 1, passive
freeze, regeneration 1, screaming 1, subdued magic 1
}: 4/15 runes: decaying, silver, abyssal, gossamer
a: Renounce Religion


You were on level 3 of the Realm of Zot.
You worshipped Vehumet.
Vehumet was exalted by your worship.
You visited 12 branches of the dungeon, and saw 50 of its levels.
You visited the Abyss 5 times.
You visited 1 bazaar.
You also visited: Wizlab.

You collected 8310 gold pieces.
You spent 3953 gold pieces at shops.

Inventory:

Hand Weapons
 a - a +6 double sword of flaming
 u - a +1 double sword of electrocution
Missiles
 j - 16 curare-tipped darts (quivered)
 w - 3 throwing nets
Armour
 k - a +2 pair of gloves of hurling (worn)
 l - a +2 hat of intelligence (worn)
 r - a +2 pair of boots of rampaging (worn)
 I - a +3 troll leather armour
 L - the +10 scale mail of Beogh's Condemnation (worn) {rF++ Stlth-}
   (You found it on level 5 of the Vaults)

   rF++:      It greatly protects you from fire.
   Stlth-:    It makes you less stealthy.
 R - the crystal ball of Wucad Mu (worn) {*channel}
   (You took it off a deep elf zephyrmancer on level 3 of the Elven Halls)

   *Channel:  It often returns the magic spent to cast spells, but lowers their
   success rate.
   It always returns the magic spent on miscasts.
Magical Staves
 b - the staff "Hevuyrabb" (weapon) {rC++ rCorr MP+9 Conj}
   (You found it on level 3 of the Elven Halls)

   [staff of conjuration]

   Base accuracy: +5 Base damage: 5 Base attack delay: 1.2 This weapon's minimum
   attack delay (0.6) is reached at skill level 12.
   rC++:      It greatly protects you from cold.
   MP+9:      It affects your magic capacity (+9).
   rCorr:     It protects you from acid and corrosion.
   Conj:      It increases the power of your Conjurations spells.
   It falls into the 'Staves' category.
   It is a one-handed weapon.
Jewellery
 h - a ring of magical power (left hand)
 v - the ring of Orphor {rPois rCorr SInv}
   (You took it off a deep elf zephyrmancer on level 3 of the Elven Halls)

   [ring of resist corrosion]

   rPois:     It protects you from poison SInv: It lets you see invisible.
   rCorr:     It protects you from acid and corrosion.
 z - a ring of magical power (on amulet)
 D - a ring of magical power (right hand)
 G - a ring of protection from cold
 H - the macabre finger necklace (around neck) {Finger+ rN+}
   (You bought it in a shop on level 1 of the Depths)

   [amulet of nothing]

   Finger+:   It enables you to equip an extra ring.
   rN+:       It protects you from negative energy.
Talismans
 g - a serpent talisman
 E - a granite talisman
 S - a storm talisman
Wands
 x - a wand of iceblast (43)
 y - a wand of flame (111)
 C - a wand of acid (30)
 J - a wand of mindburst (35)
 K - a wand of paralysis (45)
 U - a wand of digging (7)
Scrolls
 c - 3 scrolls of blinking
 e - 2 scrolls of teleportation
 i - 5 scrolls of amnesia
 m - 15 scrolls of poison
 F - a scroll of brand weapon
 M - 3 scrolls of enchant weapon
 N - 4 scrolls of enchant armour
 P - 2 scrolls of summoning
 V - 3 scrolls of immolation
 W - 4 scrolls of revelation
Potions
 d - 18 potions of mutation
 f - 15 potions of curing
 n - 4 potions of cancellation
 o - 6 potions of enlightenment
 p - 5 potions of might
 q - 5 potions of magic
 t - 3 potions of haste
 B - 4 potions of resistance
 O - 6 potions of heal wounds
 Q - 9 potions of invisibility
 T - 6 potions of ambrosia
 Z - 4 potions of berserk rage
Miscellaneous
 s - a condenser vane (inert)
 A - a lightning rod (4/4)
 X - a box of beasts (inert)
 Y - the horn of Geryon (inert)


   Skills:
 * Level 14.4 Fighting
 + Level 8.5(9.9) Short Blades
 + Level 7.7(9.5) Long Blades
 + Level 0.2 Throwing
 + Level 5.2 Armour
 * Level 12.5 Dodging
 + Level 3.7 Stealth
 - Level 10.0 Shields
 + Level 7.0 Unarmed Combat
 * Level 22.0 Spellcasting
 * Level 18.2 Conjurations
 * Level 11.0 Summonings
 * Level 7.1 Necromancy
 - Level 10.0 Translocations
 * Level 12.8 Fire Magic
 + Level 4.3 Ice Magic
 * Level 16.0 Air Magic
 + Level 3.7 Evocations
 * Level 10.1 Shapeshifting


You had 8 spell levels left.
You knew the following spells:

 Your Spells              Type           Power      Damage    Failure   Level
a - Plasma Beam           Fire/Air       37%        2x1d51    1%          6
b - Orb of Destruction    Conj           52%        9d13      2%          7
c - Magic Dart            Conj           100%       1d8       1%          1
d - Searing Ray           Conj           100%       2d8       1%          2
e - Freezing Cloud        Conj/Ice/Air   45%        6-21      1%          5
f - Summon Cactus Giant   Summ           33%        N/A       21%         6
g - Fireball              Conj/Fire      49%        3d19      1%          5
h - Maxwell's Capacitive  Air            39%        ∞         22%         8
i - Haunt                 Necr/Summ      30%        N/A       87%         7
s - Airstrike             Air            39%        2d(6-22)  1%          4
x - Arcjolt               Conj/Air       51%        1d61      1%          5
z - Iskenderun's Mystic   Conj/Tloc      94%        2d18      1%          4

Your spell library contained the following spells:

 Spells                   Type           Power      Damage    Failure   Level
 Lehudib's Crystal Spear  Conj/Erth      39%        10d10     94%         8
 Chain Lightning          Conj/Air       51%        3d68      83%         9
 Fire Storm               Conj/Fire      49%        8d12      95%         9
 Apportation              Tloc           100%       N/A       1%          1
 Foxfire                  Conj/Fire      100%       2x1d9     1%          1
 Kiss of Death            Conj/Necr      100%       2d13      1%          1
 Necrotise                Necr           100%       1d9       1%          1
 Shock                    Conj/Air       100%       1d9       1%          1
 Summon Small Mammal      Summ           100%       N/A       1%          1
 Call Imp                 Summ           100%       N/A       1%          2
 Lesser Beckoning         Tloc           100%       N/A       1%          2
 Poisonous Vapours        Pois/Air       100%       N/A       1%          2
 Scorch                   Fire           100%       2d9       1%          2
 Static Discharge         Conj/Air       100%       2-7/arc   1%          2
 Call Canine Familiar     Summ           66%        N/A       1%          3
 Dazzling Flash           Conj/Hex       100%       N/A       1%          3
 Gell's Gravitas          Tloc           64%        N/A       1%          3
 Inner Flame              Hex/Fire       53%        N/A       1%          3
 Mephitic Cloud           Conj/Pois/Air  87%        N/A       1%          3
 Swiftness                Air            79%        N/A       1%          3
 Teleport Other           Tloc           64%        N/A       1%          3
 Vhi's Electric Charge    Tloc/Air       100%       N/A       1%          3
 Volatile Blastmotes      Fire/Tloc      100%       2d18      1%          3
 Flame Wave               Conj/Fire      98%        2d20      1%          4
 Fulminant Prism          Conj/Hex       39%        3d18      1%          4
 Sticky Flame             Conj/Fire      98%        2d11      1%          4
 Summon Lightning Spire   Summ/Air       73%        N/A       1%          4
 Iskenderun's Battlesphe  Conj           100%       2d15      1%          5
 Conjure Ball Lightning   Conj/Air       51%        3x3d18    1%          6
 Starburst                Conj/Fire      49%        6d13      1%          6
 Cigotuvi's Dreadful Rot  Necr/Pois/Air  100%       N/A       2%          2
 Sublimation of Blood     Necr           55%        N/A       2%          2
 Ignite Poison            Fire/Tmut/Pois 45%        N/A       2%          3
 Irradiate                Conj/Tmut      39%        3d24      2%          5
 Vampiric Draining        Necr           55%        2d9       3%          3
 Sandblast                Erth           50%        2d12      4%          1
 Summon Guardian Golem    Hex/Summ       50%        N/A       6%          3
 Spellforged Servitor     Conj/Summ      48%        N/A       7%          7
 Summon Ice Beast         Ice/Summ       57%        N/A       8%          4
 Ozocubu's Armour         Ice            45%        N/A       9%          3
 Animate Dead             Necr           55%        N/A       9%          4
 Ensorcelled Hibernation  Hex/Ice        70%        N/A       10%         2
 Leda's Unmaking          Conj/Erth      39%        9d7       11%         6
 Slow                     Hex            100%       N/A       14%         1
 Animate Armour           Summ/Erth      100%       N/A       14%         4
 Silence                  Hex/Air        29%        N/A       14%         5
 Passwall                 Tmut/Erth      20%        N/A       19%         2
 Wereblood                Tmut           25%        N/A       19%         2
 Agony                    Necr           55%        N/A       19%         5
 Anguish                  Hex/Necr       20%        N/A       28%         4
 Dispersal                Tloc           32%        N/A       28%         6
 Confusing Touch          Hex            25%        N/A       32%         3
 Summon Mana Viper        Hex/Summ       50%        N/A       32%         5
 Lee's Rapid Deconstruct  Erth           12%        3d9*      50%         5
 Borgnjor's Vile Clutch   Necr/Erth      20%        N/A       54%         5
 Ignition                 Fire           35%        3d11      54%         8
 Monstrous Menagerie      Summ           33%        N/A       65%         7
 Cause Fear               Hex            12%        N/A       67%         4
 Leda's Liquefaction      Hex/Erth       12%        N/A       67%         4
 Petrify                  Tmut/Erth      25%        N/A       67%         4
 Metabolic Englaciation   Hex/Ice        17%        N/A       71%         5
 Simulacrum               Ice/Necr       25%        N/A       78%         6
 Ozocubu's Refrigeration  Ice            22%        4d12      92%         7
 Alistair's Intoxication  Tmut/Pois      16%        N/A       93%         5
 Eringya's Noxious Bog    Tmut/Pois      12%        4d6       94%         6
 Enfeeble                 Hex            12%        N/A       100%        7
 Borgnjor's Revivificati  Necr           27%        N/A       100%        8
 Infestation              Necr           27%        N/A       100%        8
 Dragon's Call            Summ           33%        N/A       100%        9
 Polar Vortex             Ice            22%        12d3*     100%        9


Dungeon Overview and Level Annotations

Branches:
Dungeon (15/15)            Temple (1/1) D:5            Lair (5/5) D:9
  Swamp (4/4) Lair:2       Spider (4/4) Lair:2        Slime (0/5) Lair:4
    Orc (2/2) D:9             Elf (3/3) Orc:2        Vaults (5/5) D:13
  Crypt (3/3) Vaults:3       Tomb (0/3) Crypt:3      Depths (4/4) D:15
   Hell (visited)             Dis (0/7) Hell            Geh (0/7) Hell
    Coc (0/7) Hell            Tar (0/7) Hell            Zot (3/5) Depths:4
 WizLab (visited)

Altars:
Ashenzari
Cheibriados
Dithmenos
Fedhas
Gozag
Hepliaklqana
Kikubaaqudgha
Makhleb
Nemelex Xobeh
Okawaru
Qazlal
Ru
Sif Muna
Trog
Uskayaw
Vehumet
Wu Jian
Xom
Yredelemnul

Shops:
D:4 =   D:8 =   D:10 ?   D:12 [   Orc:2 :*:(   Elf:2 ?   Vaults:2 **((
Vaults:5 !   Depths:1 ?=[*   Depths:4 =

Portals:
Hell: Depths:1 Depths:2* Depths:3 Depths:4
Abyss: Depths:2 Depths:3
Pandemonium: Depths:1 Depths:2 Depths:3
Ziggurat: Depths:1

Annotations:
Swamp:1 3 runed translucent doors, MrAu's ghost, adept FoFi
Spider:2 3 runed translucent doors, bdfhjk's ghost, adept OpCj
Elf:2 3 runed translucent doors
Crypt:2 1 runed translucent door, disskorpion's ghost, veteran OpSh


Innate Abilities, Weirdness & Mutations

You are powered by pain.
You are very robust. (+20% HP)
When hurt, damage is shared between your health and your magic reserves.
You regenerate magic rapidly.
When low on magic, you restore magic in place of health.
When seriously injured, your blood forms very thick armour. (AC +12)
You have a sharp stinger which inflicts weakening toxins.
You are partially covered in large bone plates. (SH +4)
You are dopey. (Int -2)
A frigid envelope surrounds you and freezes all who hurt you.
Your natural rate of healing is unusually fast.
You occasionally shout uncontrollably at your foes.
Your spells are a little easier to cast, but a little less powerful.


Message History

You feel your power returning.
The black draconian hits you from afar with a +0 trident.
* * * LOW HITPOINT WARNING * * *
The moth of wrath goads the black draconian on!
The black draconian goes berserk!
Unknown command.
Unknown command.
Unknown command.
You hit the moth of wrath!
You blast the moth of wrath!
The moth of wrath is heavily wounded.
Your surroundings suddenly seem different.
A purple draconian comes into view. It is wielding a +4 short sword.
Found a potion of curing and a wand of flame (7).
The yellow draconian annihilator gestures wildly while chanting.
The yellow draconian annihilator blinks!
Unknown command.
Unknown command.
Unknown command.
Unknown command.
Found 8 stones and a scroll of summoning.
You hear a roar!
Unknown command.
Unknown command.
Unknown command.
Unknown command.
Unknown command.
You closely miss the yellow draconian annihilator.
The red draconian roars!
You tail-slap the yellow draconian annihilator!
The yellow draconian annihilator looks weaker.
The yellow draconian annihilator is lightly wounded.
You hear a roar! x2
The yellow draconian annihilator closely misses you.
The purple draconian breathes dispelling energy at you.
The bolt of dispelling energy hits you!
Your magical effects are unravelling.
* * * LOW HITPOINT WARNING * * *
The yellow draconian annihilator points at you and mumbles some strange words.
The crystal spear hits you!!!
You die...

......#...... .....#≈≈≈
○○ ..............
.......§≈ E
..8...#..d8...#........≈
$ ...q.#.#.......
8.#.d........# ≈
#.#.....#.. # .
(.#...8...# ... .
.......q.#..... .
#!.....@...# .
.......#....... .
......#./....... .
...... ..#####.. . .....
.... # . ..#.? .... . .
.# ###... # .. ...


You could see a purple draconian (catching breath), a red draconian, a yellow
draconian annihilator (weak) and a red draconian scorcher.

Vanquished Creatures
  2 dread liches
  An orb of fire (Zot:3)
  An ancient lich (Vaults:1)
  2 royal mummies (Depths:3)
  the Lernaean hydra (Swamp:4)
  Frederick (Vaults:2)
  Margery (Depths:4)
  Saint Roka (Depths:4)
  A curse toe (Zot:1)
  Geryon (Hell)
  A mutant beast (WizLab)
  2 golden dragons
  2 bone dragons
  The ghost of Mefral the Lord of Darkness, an adept DsNe of Kikubaaqudgha (Vaults:1)
  Jorgrun (Spider:3)
  2 Hell Sentinels (Abyss:3)
  A hellephant (Hell)
  13 tentacled monstrosities
  Mlioglotl (Spider:4)
  Rupert (D:14)
  A deep elf blademaster (Elf:3)
  5 liches
  2 deep elf master archers (Elf:3)
  3 quicksilver dragons
  10 tentacled starspawn
  4 titans
  Murray (Hell)
  10 sphinxes
  4 ancient champions
  2 Executioners (Abyss:3)
  Kirke (D:15)
  2 death cobs
  12 storm dragons
  Aizul (Spider:4)
  3 thorn hunters
  4 tengu reavers
  7 revenants
  Donald (Spider:4)
  A daeva (Depths:1)
  4 draconian knights
  5 shadow dragons
  Roxanne (Spider:2)
  7 fire giants
  9 frost giants
  An iron dragon (Depths:4)
  3 draconian monks
  A balrug (Hell)
  3 emperor scorpions
  3 curse skulls
  6 deep elf sorcerers
  4 ghost moths
  19 vault wardens
  6 deep elf elementalists (Elf:3)
  2 draconian shifters
  5 cacodemons
  4 draconian scorchers
  11 ghouls
  3 orc warlords
  An angel (Abyss:3)
  2 draconian stormcallers
  4 draconian annihilators
  17 ironbound preservers
  5 reapers
  A quicksilver ooze (shapeshifter) (WizLab)
  A broodmother (Spider:4)
  2 ophanim (Abyss:3)
  3 war gargoyles
  4 ironbound thunderhulks
  26 very ugly things
  3 formless jellyfish
  6 vampire knights
  6 eleionomae
  19 stone giants
  A juggernaut skeleton (Abyss:1)
  3 black draconians
  12 deep elf demonologists
  2 green draconians
  6 deep elf annihilators
  6 yellow draconians
  8 white draconians
  A lorocyproca (Abyss:2)
  5 purple draconians
  7 bunyips
  2 spark wasps
  6 dire elephants
  4 red draconians
  2 green deaths
  6 eidola
  2 blizzard demons (Abyss:3)
  4 mummy priests (Depths:3)
  A crystal guardian (Vaults:3)
  10 deep elf death magi
  A merfolk impaler (Depths:1)
  14 ettins
  4 deep elf high priests
  10 jiangshi
  2 shambling mangroves
  Josephine (D:15)
  5 entropy weavers
  8 fire dragons
  18 yaktaur captains
  11 great orbs of eyes
  5 ice dragons
  A spectral spriggan (Crypt:3)
  Fannar (Orc:1)
  38 vault guards
  A spectral shadow dragon (Crypt:3)
  A peacekeeper (Vaults:3)
  3 rakshasas
  Erolcha (D:11)
  3 jorogumos
  2 quicksilver dragon skeletons
  A caustic shrike simulacrum (Depths:1)
  5 ghost crabs
  7 radroaches
  5 centaur warriors
  11 ironbound frosthearts
  3 spriggan air magi
  24 hydras
  6 ogre magi
  An anaconda (shapeshifter) (Vaults:5)
  A fenstrider witch skeleton (Hell)
  4 alligators
  12 dancing weapons
  A spectral draconian (Crypt:3)
  2 death knights
  6 boulder beetles
  A deep troll shaman (Depths:4)
  6 death scarabs (Spider:4)
  2 deep troll earth magi
  14 two-headed ogres
  3 tengu warriors
  10 demonic crawlers
  Urug (D:13)
  5 orc high priests
  4 death yaks (Lair:3)
  3 hell hogs (Abyss:3)
  9 vampire magi
  6 thrashing horrors
  Sonja (D:11)
  4 spriggan berserkers
  5 wretched stars
  12 hell knights
  7 soul eaters
  2 fire crabs (shapeshifter) (WizLab)
  14 sun demons
  20 skeletal warriors
  A skyshark (Lair:5)
  3 deep elf knights
  A sun moth (Spider:1)
  A spectral yaktaur (Vaults:1)
  A spatial maelstrom (Abyss:3)
  9 pharaoh ants
  An anaconda zombie (Hell)
  8 sixfirhies
  14 shadow wraiths
  41 deep trolls
  6 orb spiders
  2 iron trolls
  5 goliath frogs
  6 glowing orange brains
  3 spriggan druids (Swamp:1)
  8 flayed ghosts
  9 swamp dragons
  5 steelbarb worms
  7 bog bodies
  26 ironbound convokers
  11 orc knights
  A spectral wolf spider (Spider:4)
  13 harpies
  A harpy (shapeshifter) (WizLab)
  10 deep elf archers
  50 ugly things
  22 phantasmal warriors
  A shadow dragon skeleton (Depths:1)
  A shining eye (shapeshifter) (Vaults:5)
  7 necromancers
  3 broodmother zombies (Spider:4)
  18 deep elf zephyrmancers
  3 lindwurms
  10 wizards
  19 deep elf pyromancers
  A frost giant zombie (Depths:1)
  30 wolf spiders
  A shining eye (Depths:1)
  An eleionoma zombie (Crypt:3)
  A tengu skeleton (Abyss:2)
  6 cyclopes
  A salamander (Depths:1)
  9 orc sorcerers
  A fire giant zombie (Crypt:2)
  15 moths of wrath
  A faun (shapeshifter) (Vaults:5)
  A worldbinder (Abyss:3)
  3 manticores
  7 will-o-the-wisps
  A manticore (shapeshifter) (WizLab)
  6 draconians (Abyss:3)
  6 black mambas
  A spectral alligator snapping turtle (Crypt:3)
  An iron dragon skeleton (Hell)
  15 elephants
  A black mamba (shapeshifter) (WizLab)
  2 guardian serpents
  4 rust devils
  An ice statue (Hell)
  3 apocalypse crabs (Abyss:3)
  A molten gargoyle (Hell)
  A shock serpent zombie (Crypt:2)
  An elf zombie (Vaults:4)
  4 guardian serpents (shapeshifter) (WizLab)
  An eye of devastation (Depths:1)
  13 smoke demons
  16 vault sentinels
  A gargoyle (D:12)
  5 orange demons
  A spectral redback (Spider:4)
  4 torpor snails
  24 cane toads
  3 cane toads (shapeshifter) (WizLab)
  2 rime drakes (shapeshifter)
  9 freezing wraiths
  2 efreet
  5 rime drakes
  9 komodo dragons
  An orb spider zombie (Crypt:1)
  42 yaktaurs
  4 tengu conjurers (Depths:2)
  8 ancient zymes
  5 hellions
  4 kobold demonologists
  A sea snake zombie (Hell)
  12 trolls
  A tormentor (Abyss:3)
  3 guardian mummies (Depths:3)
  An alligator snapping turtle skeleton (Crypt:1)
  3 meliai (Spider:2)
  2 ice devils
  A hydra zombie (Hell)
  2 sea snake skeletons (Hell)
  4 red devils
  An iron troll skeleton (Crypt:1)
  A queen bee (shapeshifter) (WizLab)
  A queen bee (Spider:2)
  A harpy zombie (Crypt:1)
  4 hellwings (Abyss:3)
  15 hornets
  A polar bear (shapeshifter) (WizLab)
  A meliai (shapeshifter) (WizLab)
  A hydra skeleton (Hell)
  3 spectral jumping spiders (Spider:4)
  3 trolls (shapeshifter) (WizLab)
  Grinder (D:6)
  2 bloated husks
  17 tyrant leeches
  4 spectral tarantellas (Spider:4)
  A tarantella (shapeshifter) (WizLab)
  21 raiju
  22 tarantellas
  A wind drake (shapeshifter) (WizLab)
  An ettin zombie (Crypt:2)
  4 jumping spider zombies
  9 blink frogs
  5 spectral culicivoras (Spider:4)
  25 large abominations
  A culicivora zombie (Spider:4)
  2 harpy skeletons
  34 jumping spiders
  A dream sheep (shapeshifter) (Vaults:5)
  37 slime creatures
  9 flying skulls (Crypt:3)
  A centaur simulacrum (Abyss:3)
  A radroach zombie (Crypt:3)
  3 air elementals
  21 culicivoras
  15 shadows
  20 wyverns
  An alligator skeleton (Hell)
  2 ettin skeletons
  2 slime creatures (shapeshifter)
  8 spriggans
  16 wraiths
  7 ynoxinuls
  7 water elementals
  Grum (Lair:1)
  9 fire elementals
  2 hogs (D:15)
  5 chaos spawn
  A tyrant leech zombie (Crypt:2)
  58 yaks
  A redback (shapeshifter) (WizLab)
  4 basilisks
  16 vampire mosquitoes
  6 neqoxecs
  A golden eye (shapeshifter) (WizLab)
  47 redbacks
  An iron golem (WizLab)
  An elf skeleton (Vaults:4)
  3 steam dragons
  14 swamp worms
  8 wargs
  2 harpy simulacra (Abyss:3)
  5 spatial vortices (Abyss:3)
  A water moccasin (shapeshifter) (Vaults:5)
  3 hell hounds (Abyss:2)
  6 floating eyes
  16 water moccasins
  2 ice beasts
  A glowing shapeshifter skeleton (Depths:1)
  8 swamp drakes
  27 orc warriors
  A snapping turtle zombie (Crypt:3)
  An alligator simulacrum (Hell)
  3 sky beasts
  3 black bears
  A black mamba simulacrum (Crypt:1)
  A wolf (shapeshifter) (WizLab)
  A boggart (Vaults:2)
  4 centaurs
  10 ogres
  2 phantoms
  12 wolves
  9 bullfrogs
  7 kobold brigands
  A rime drake skeleton (Crypt:3)
  A gnoll sergeant (D:4)
  4 necrophages
  A naga simulacrum (Abyss:2)
  A salamander skeleton (Crypt:2)
  A wyvern zombie (Crypt:1)
  4 scorpions
  A water moccasin zombie (Crypt:3)
  A cyclops skeleton (Crypt:2)
  8 wights
  32 small abominations
  21 killer bees
  11 howler monkeys
  3 electric eels
  A quasit (Abyss:3)
  21 orc priests
  24 starcursed masses
  2 hounds (D:5)
  3 iron imps
  3 iguanas
  A sleepcap (D:5)
  3 gnoll boudas
  29 orc wizards
  19 hell rats
  A naga zombie (Crypt:1)
  An acid dragon skeleton (Crypt:2)
  An ogre skeleton (Crypt:1)
  2 mummies
  27 gnolls
  A steam dragon zombie (Crypt:1)
  7 adders
  4 shadow imps
  8 white imps
  2 ufetubi (Abyss:3)
  A dart slug (D:3)
  61 orcs
  A bat skeleton (Crypt:3)
  6 endoplasms
  7 giant cockroaches
  7 hobgoblins
  6 jackals
  5 quokkas
  5 ball pythons
  4 bats
  A dart slug zombie (Crypt:3)
  2 frilled lizards (D:1)
  A goblin (D:2)
  17 kobolds
  A kobold skeleton (Crypt:3)
  4 rats
  A lurking horror (Abyss:3)
2403 creatures vanquished.

Vanquished Creatures (collateral kills)
  2 emperor scorpions (Spider:2)
  Louise (D:14)
  A blizzard demon (Hell)
  A moth of wrath (Zot:3)
  A smoke demon (Hell)
  A jumping spider (Spider:2)
7 creatures vanquished.

Vanquished Creatures (others)
  A harpy (shapeshifter) (WizLab)
  An eye of devastation (Depths:1)
  An unseen horror (shapeshifter) (WizLab)
  A raiju (Abyss:3)
  An ancient zyme (Abyss:3)
  A small abomination (Abyss:3)
  16 foxfires
  12 starspawn tentacles
34 creatures vanquished.

Grand Total: 2444 creatures vanquished

Notes
Turn   | Place    | Note
-------+----------+-------------------------------------------
     0 | D:1      | Morbidden the Demonspawn Conjurer began the quest for the
                  | Orb.
     0 | D:1      | Reached XP level 1. HP: 13/13 MP: 3/3
   454 | D:1      | Gained mutation: You sometimes gain a little power by
                  | taking damage. [demonic ancestry]
   454 | D:1      | Reached XP level 2. HP: 20/20 MP: 3/5
   968 | D:1      | Reached skill level 1 in Fighting
  1560 | D:2      | Gained mutation: You have a small tail. [demonic ancestry]
  1560 | D:2      | Reached XP level 3. HP: 26/26 MP: 6/6
  1746 | D:3      | Learned a level 2 spell: Searing Ray
  1913 | D:3      | Noticed an ogre
  1921 | D:3      | Killed an ogre
  1922 | D:3      | Reached skill level 5 in Conjurations
  1922 | D:3      | Gained mutation: You sometimes gain power by taking damage.
                  | [demonic ancestry]
  1922 | D:3      | Reached XP level 4. HP: 33/33 MP: 6/8
  2079 | D:3      | Reached skill level 3 in Spellcasting
  2079 | D:3      | Reached XP level 5. HP: 31/38 MP: 9/9
  3189 | D:2      | Found a faded altar of an unknown god.
  3194 | D:2      | Got Plato's Incunabulum of Jinxing
  3558 | D:3      | Learned a level 4 spell: Iskenderun's Mystic Blast
  3618 | D:4      | Noticed a sky beast
  3627 | D:4      | Killed a sky beast
  3628 | D:4      | Gained mutation: When seriously injured, your blood forms
                  | armour. (AC +12) [demonic ancestry]
  3628 | D:4      | Reached XP level 6. HP: 37/44 MP: 9/11
  3690 | D:4      | Noticed a +0 spear
  3691 | D:4      | Noticed a +0 falchion
  3691 | D:4      | Noticed a +0 dagger
  3692 | D:4      | Noticed a +0 dagger
  3692 | D:4      | Noticed a +0 short sword
  3692 | D:4      | Noticed a +0 short sword
  3694 | D:4      | Noticed a +0 falchion
  3694 | D:4      | Noticed a +0 spear
  3697 | D:4      | Found a hide-covered altar of Uskayaw.
  3731 | D:4      | Found a transporter.
  3789 | D:4      | Found a transporter.
  3946 | D:4      | Reached skill level 1 in Short Blades
  4012 | D:4      | You fall into a shaft and drop 3 floors!
  4018 | D:7      | Learned a level 4 spell: Airstrike
  4063 | D:6      | Noticed Grinder
  4064 | D:6      | Paralysed by Grinder for 4 turns
  4072 | D:6      | Paralysed by Grinder for 2 turns
  4082 | D:6      | Killed Grinder
  4083 | D:6      | Reached skill level 4 in Spellcasting
  4083 | D:6      | Reached XP level 7. HP: 26/51 MP: 12/13
  4184 | D:6      | Noticed a two-headed ogre
  4209 | D:6      | Killed a two-headed ogre
  4210 | D:6      | Reached skill level 5 in Spellcasting
  4210 | D:6      | Reached skill level 1 in Translocations
  4210 | D:6      | Reached skill level 1 in Air Magic
  4210 | D:6      | Gained mutation: You are powered by pain. [demonic
                  | ancestry]
  4210 | D:6      | Reached XP level 8. HP: 58/58 MP: 15/15
  4246 | D:6      | Found a shimmering altar of Xom.
  4385 | D:5      | Entered Level 5 of the Dungeon
  4685 | D:4      | Found Ywaf Saxo's Jewellery Shop.
  4768 | D:4      | Found a hazy altar of Hepliaklqana.
  5153 | D:5      | Found a staircase to the Ecumenical Temple.
  5269 | Temple   | Entered the Ecumenical Temple
  5290 | Temple   | Became a worshipper of Vehumet
  5440 | D:5      | Gained mutation: You regenerate magic rapidly. [demonic
                  | ancestry]
  5440 | D:5      | Reached XP level 9. HP: 37/65 MP: 17/17
  5532 | D:5      | Found a snail-covered altar of Cheibriados.
  5649 | D:5      | Reached skill level 6 in Spellcasting
  5849 | D:5      | Identified the ring "Baje Ymn" {Ice rN+ Dex+2}
  6473 | D:4      | Bought a ring of magical power for 260 gold pieces
  6844 | D:6      | Identified the +0 robe "Iriciju" {rN+ Int+2}
  6972 | D:7      | Reached * piety under Vehumet
  6972 | D:7      | Offered knowledge of Sandblast by Vehumet.
  7252 | D:7      | Learned a level 5 spell: Fireball
  7419 | D:7      | Reached skill level 1 in Shapeshifting
  8207 | D:8      | Reached skill level 7 in Spellcasting
  8207 | D:8      | Reached skill level 1 in Fire Magic
  8207 | D:8      | Reached XP level 10. HP: 71/73 MP: 20/20
  8322 | D:8      | Found Toecaux's Jewellery Shop.
  8390 | D:8      | Reached ** piety under Vehumet
  8390 | D:8      | Offered knowledge of Foxfire by Vehumet.
  8904 | D:9      | Found a staircase to the Lair.
  8927 | D:9      | Offered knowledge of Static Discharge by Vehumet.
  9023 | D:9      | Learned a level 2 spell: Static Discharge
  9248 | D:9      | Reached skill level 5 in Fighting
  9526 | D:9      | Found a staircase to the Orcish Mines.
  9532 | D:9      | Found a burning altar of Makhleb.
  9562 | D:9      | Reached skill level 8 in Spellcasting
  9763 | D:10     | Entered Level 10 of the Dungeon
  9806 | Lair:1   | Entered Level 1 of the Lair of Beasts
  9938 | Lair:1   | Noticed a cane toad
  9940 | Lair:1   | Noticed a cane toad
  9949 | Lair:1   | Killed a cane toad
  9950 | Lair:1   | Gained mutation: You have a tail ending in a sharp stinger.
                  | [demonic ancestry]
  9950 | Lair:1   | Reached XP level 11. HP: 80/80 MP: 23/23
  9951 | Lair:1   | Reached *** piety under Vehumet
 10463 | Lair:1   | Noticed Grum
 10474 | Lair:1   | Killed Grum
 11263 | Lair:2   | Reached skill level 9 in Spellcasting
 11355 | Lair:2   | Offered knowledge of Hailstorm by Vehumet.
 11355 | Lair:2   | Noticed a pharaoh ant
 11359 | Lair:2   | Killed a pharaoh ant
 11367 | Lair:2   | Reached skill level 5 in Translocations
 11459 | Lair:2   | Found a hole to the Spider Nest.
 11467 | Lair:2   | Noticed a seven-headed hydra
 11470 | Lair:2   | Killed a seven-headed hydra
 11471 | Lair:2   | Reached skill level 5 in Short Blades
 11516 | Lair:2   | Noticed a seven-headed hydra
 11522 | Lair:2   | Killed a seven-headed hydra
 11801 | Lair:2   | Noticed a five-headed hydra
 11804 | Lair:2   | Killed a five-headed hydra
 11805 | Lair:2   | Reached XP level 12. HP: 87/87 MP: 25/25
 11842 | Lair:2   | Noticed a six-headed hydra
 11848 | Lair:2   | Killed a six-headed hydra
 11849 | Lair:2   | Reached skill level 5 in Dodging
 11849 | Lair:2   | Reached skill level 10 in Spellcasting
 11982 | Lair:2   | Noticed a five-headed hydra
 11987 | Lair:2   | Killed a five-headed hydra
 12102 | Lair:2   | Found a staircase to the Swamp.
 12276 | Lair:2   | Reached **** piety under Vehumet
 12534 | D:10     | Found Wesufubb's Magic Scroll Shop.
 12536 | D:10     | Bought a scroll of summoning for 133 gold pieces
 12536 | D:10     | Bought a scroll of teleportation for 42 gold pieces
 12536 | D:10     | Bought a scroll of teleportation for 42 gold pieces
 12536 | D:10     | Bought a scroll of blinking for 105 gold pieces
 12555 | D:10     | Reached skill level 5 in Air Magic
 12720 | D:10     | Offered knowledge of Lee's Rapid Deconstruction by Vehumet.
 13018 | D:10     | Noticed a boulder beetle
 13021 | D:10     | Noticed a two-headed ogre
 13163 | D:10     | Killed a two-headed ogre
 13164 | D:10     | Reached skill level 10 in Conjurations
 13360 | D:10     | Killed a boulder beetle
 13411 | D:10     | Noticed a two-headed ogre
 13417 | D:10     | Killed a two-headed ogre
 14278 | Lair:3   | Reached skill level 11 in Spellcasting
 14286 | Lair:3   | Identified a scroll of acquirement
 14287 | Lair:3   | Acquired 540 gold pieces
 14769 | Lair:3   | Noticed a death yak
 14771 | Lair:3   | Noticed a death yak
 14772 | Lair:3   | Noticed a death yak
 14774 | Lair:3   | Killed a death yak
 14775 | Lair:3   | Noticed a death yak
 14783 | Lair:3   | Killed a death yak
 14785 | Lair:3   | Killed a death yak
 14786 | Lair:3   | Reached XP level 13. HP: 78/95 MP: 25/28
 15305 | Lair:4   | Reached ***** piety under Vehumet
 15312 | Lair:4   | Offered knowledge of Iskenderun's Battlesphere by Vehumet.
 15747 | Lair:4   | Found a staircase to the Slime Pits.
 15910 | Lair:4   | Reached skill level 1 in Shields
 16144 | Lair:5   | Entered Level 5 of the Lair of Beasts
 16162 | Lair:5   | Reached skill level 12 in Spellcasting
 16346 | Lair:5   | Reached skill level 5 in Fire Magic
 16843 | Lair:5   | Reached XP level 14. HP: 103/103 MP: 5/30
 16946 | Lair:5   | Offered knowledge of Freezing Cloud by Vehumet.
 17004 | Lair:5   | Learned a level 5 spell: Freezing Cloud
 18581 | D:11     | Noticed Sonja
 18583 | D:11     | Killed Sonja
 18595 | D:11     | Noticed Erolcha
 18601 | D:11     | Killed Erolcha
 19225 | D:12     | Found Leolucuexo's Antique Armour Emporium.
 19846 | D:13     | Noticed Urug
 19852 | D:13     | Killed Urug
 19852 | D:13     | Offered knowledge of Plasma Beam by Vehumet.
 19976 | D:13     | Reached skill level 1 in Armour
 20174 | D:13     | Reached skill level 5 in Shields
 20371 | D:13     | Reached skill level 13 in Spellcasting
 20633 | D:13     | Reached skill level 1 in Ice Magic
 20900 | D:13     | Found a gate to the Vaults.
 21515 | D:14     | Noticed Louise
 21546 | D:14     | Noticed Rupert
 21548 | D:14     | Paralysed by Rupert for 2 turns
 21556 | D:14     | Killed Rupert
 21584 | D:14     | Found a shadowy altar of Dithmenos.
 21588 | D:14     | Gained mutation: When hurt, damage is shared between your
                  | health and your magic reserves. [demonic ancestry]
 21588 | D:14     | Reached XP level 15. HP: 110/110 MP: 32/32
 22066 | D:14     | Killed Louise
 22394 | D:15     | Entered Level 15 of the Dungeon
 22525 | D:15     | Offered knowledge of Conjure Ball Lightning by Vehumet.
 22528 | D:15     | Reached skill level 5 in Shapeshifting
 22949 | D:15     | Noticed Kirke
 22959 | D:15     | Noticed a sphinx
 22960 | D:15     | Killed Kirke
 23161 | D:15     | Noticed Josephine
 23166 | D:15     | Killed Josephine
 23278 | D:15     | Found a staircase to the Depths.
 23497 | Orc:1    | Entered Level 1 of the Orcish Mines
 23597 | Orc:1    | Paralysed by an orc sorcerer for 5 turns
 23732 | Orc:1    | Noticed Fannar
 23737 | Orc:1    | Killed Fannar
 24113 | Orc:2    | Entered Level 2 of the Orcish Mines
 24113 | Orc:2    | Found a staircase to the Elven Halls.
 24609 | Orc:2    | Found Lafyimm's Weapon Shop.
 24615 | Orc:2    | Reached skill level 14 in Spellcasting
 24757 | Orc:2    | Offered knowledge of Starburst by Vehumet.
 24787 | Orc:2    | Found Zimil's Book Shoppe.
 24797 | Orc:2    | Reached skill level 10 in Air Magic
 24811 | Orc:2    | Found Nomappei's Assorted Antiques.
 24813 | Orc:2    | Found Qiosidda's Book Shop.
 24822 | Orc:2    | Bought a manual of Unarmed Combat for 880 gold pieces
 25125 | Swamp:1  | Entered Level 1 of the Swamp
 25581 | Swamp:1  | Gained mutation: When low on magic, you restore magic in
                  | place of health. [demonic ancestry]
 25581 | Swamp:1  | Reached XP level 16. HP: 118/118 MP: 34/34
 25670 | Swamp:1  | Found a runed translucent gate.
 25671 | Swamp:1  | Found a runed translucent gate.
 25671 | Swamp:1  | Noticed MrAu's ghost (adept FoFi)
 25671 | Swamp:1  | Found the +11 plutonium sword {Contam Stlth-}
 25683 | Swamp:1  | Reached skill level 1 in Unarmed Combat
 25689 | Swamp:1  | Found a runed translucent gate.
 25868 | Swamp:1  | Noticed a thorn hunter
 25874 | Swamp:1  | Killed a thorn hunter
 26284 | Swamp:1  | Identified the +1 broad axe "Iliar" {flame, rElec rC+}
 26733 | Swamp:2  | Identified the +1 trident "Bipte" {drain, *Slow rF- Str+8
                  | Int+4}
 27336 | Swamp:3  | Noticed a thorn hunter
 27347 | Swamp:3  | Killed a thorn hunter
 27899 | Swamp:3  | Noticed a tentacled monstrosity
 27931 | Swamp:3  | Killed a tentacled monstrosity
 28437 | Swamp:4  | Entered Level 4 of the Swamp
 28594 | Swamp:4  | Learned a level 6 spell: Summon Cactus Giant
 28634 | Swamp:4  | Noticed a thorn hunter
 28639 | Swamp:4  | Reached ****** piety under Vehumet
 28641 | Swamp:4  | Killed a thorn hunter
 28642 | Swamp:4  | Offered knowledge of Arcjolt by Vehumet.
 28945 | Swamp:3  | Learned a level 5 spell: Arcjolt
 29212 | Swamp:4  | Reached skill level 1 in Summonings
 29221 | Swamp:4  | Reached XP level 17. HP: 83/126 MP: 18/35
 29682 | Swamp:4  | Noticed the 27-headed Lernaean hydra
 29691 | Swamp:4  | Killed the 27-headed Lernaean hydra
 29692 | Swamp:4  | Reached skill level 15 in Spellcasting
 29770 | Swamp:4  | Got a decaying rune of Zot
 29985 | Spider:1 | Entered Level 1 of the Spider Nest
 30161 | D:4      | Bought a ring of see invisible for 195 gold pieces
 30562 | Spider:1 | Learned a level 7 spell: Orb of Destruction
 30756 | Spider:1 | Reached skill level 5 in Unarmed Combat
 31483 | Spider:1 | Offered knowledge of Ignition by Vehumet.
 32770 | Spider:2 | HP: 6/126 [poisoned by an emperor scorpion]
 32904 | Spider:2 | Noticed Roxanne
 33406 | Elf:1    | Entered Level 1 of the Elven Halls
 33575 | Elf:1    | Paralysed by an air elemental for 1 turns
 33584 | Elf:1    | Offered knowledge of Lehudib's Crystal Spear by Vehumet.
 33584 | Elf:1    | Offered knowledge of Fire Storm by Vehumet.
 33584 | Elf:1    | Offered knowledge of Chain Lightning by Vehumet.
 33962 | Elf:2    | Found Dick's Magic Scroll Emporium.
 34033 | Elf:2    | Bought a scroll of blinking for 90 gold pieces
 34167 | Elf:2    | Reached skill level 10 in Fighting
 34361 | Elf:2    | Gained mutation: When seriously injured, your blood forms
                  | thick armour. (AC +12) [demonic ancestry]
 34361 | Elf:2    | Reached XP level 18. HP: 106/134 MP: 33/37
 34536 | Elf:2    | Found a runed translucent gate.
 34537 | Elf:2    | Found a runed translucent gate.
 34537 | Elf:2    | Found a runed translucent gate.
 34589 | Elf:3    | Entered Level 3 of the Elven Halls
 35573 | Elf:3    | Noticed a Brimstone Fiend
 35978 | Elf:3    | Noticed a Brimstone Fiend
 36272 | Elf:3    | Paralysed by an air elemental for 1 turns
 36285 | Elf:3    | Reached skill level 16 in Spellcasting
 36354 | Elf:3    | Identified the +6 great mace "Ytzuam" {drain, Fly}
 36354 | Elf:3    | Identified the ring of Orphor {rPois rCorr SInv}
 36403 | Elf:3    | Noticed a Tzitzimitl
 36449 | Elf:3    | Identified the +6 glaive "Arcanum" {flame, Int+2 Dex+4}
 36455 | Elf:3    | Identified the +0 chain mail of the Saviour {+Blink}
 36486 | Elf:3    | Identified the amulet "Cuengour" {Acrobat rPois}
 36523 | Elf:3    | Identified the +0 rapier "Xuotorupn" {drain, Fragile
                  | Will+++ MP-9 Int+7}
 36625 | Elf:3    | Got the Anthology of the Caves
 36626 | Elf:3    | Identified the staff "Hevuyrabb" {rC++ rCorr MP+9 Conj}
 36669 | Elf:3    | Identified the +4 ring mail of the Turtle {+Blink rF+++
                  | Will+ Dex-4}
 36965 | Vaults:1 | Entered Level 1 of the Vaults
 37001 | Vaults:1 | Noticed a lich
 37001 | Vaults:1 | Noticed a lich
 37006 | Vaults:1 | Killed a lich
 37231 | D:13     | Killed a lich
 37650 | Vaults:1 | Paralysed by a formless jellyfish for 1 turns
 37679 | Vaults:1 | Reached skill level 1 in Long Blades
 37786 | Vaults:1 | Identified the +5 arbalest "Ivall" {heavy, +Blink rPois
                  | Int+2}
 37937 | Vaults:1 | Found a transporter.
 37937 | Vaults:1 | Noticed an ancient lich
 37937 | Vaults:1 | Noticed Mefral's ghost (adept DsNe)
 37961 | Vaults:1 | Found a transporter.
 38025 | Vaults:1 | Gained mutation: You are robust. (+10% HP) [demonic
                  | ancestry]
 38025 | Vaults:1 | Reached XP level 19. HP: 120/156 MP: 39/39
 38253 | Vaults:1 | Reached skill level 5 in Summonings
 38729 | Vaults:1 | Paralysed by a great orb of eyes for 2 turns
 38978 | Vaults:2 | Noticed Frederick
 38995 | Vaults:2 | Reached skill level 1 in Evocations
 39040 | Vaults:2 | Found Bikaug's Assorted Antiques.
 39043 | Vaults:2 | Found Eloto's Weapon Shop.
 39047 | Vaults:2 | Bought a pair of embroidered gloves for 217 gold pieces
 39069 | Vaults:2 | Found Socyvat's Antique Weapon Shop.
 39167 | Vaults:2 | Found a magical portal.
 39177 | WizLab   | Entered Cigotuvi's Fleshworks
 39596 | WizLab   | Paralysed by a floating eye for 3 turns
 39639 | WizLab   | Identified the ring "Qaangax" {rN+ Will- Str+7 Dex+3}
 39863 | WizLab   | Got Cigotuvi's Encyclopedia of Posthumous Modification
 40476 | Vaults:2 | Paralysed by a formless jellyfish for 1 turns
 40676 | Vaults:2 | Reached skill level 17 in Spellcasting
 41113 | Vaults:2 | Found Josicvit's Assorted Antiques.
 41120 | Vaults:2 | Bought a pink potion for 21 gold pieces
 41174 | Vaults:2 | Killed Frederick
 41472 | Vaults:2 | Reached XP level 20. HP: 66/166 MP: 31/41
 42519 | Vaults:3 | Identified the +4 triple crossbow "Nyiw" {heavy, rPois
                  | Int+4 Stlth+}
 42645 | Vaults:3 | Noticed a bone dragon
 42664 | Vaults:3 | Killed a bone dragon
 43160 | Vaults:3 | Found a staircase to the Crypt.
 46079 | Vaults:4 | Gained mutation: You have a sharp stinger which inflicts
                  | weakening toxins. [demonic ancestry]
 46079 | Vaults:4 | Reached XP level 21. HP: 173/173 MP: 42/42
 46126 | Vaults:4 | Reached skill level 18 in Spellcasting
 46525 | Vaults:4 | Paralysed by a formless jellyfish for 1 turns
 47846 | Spider:2 | Reached skill level 10 in Dodging
 48490 | Spider:2 | Found a runed translucent gate.
 48490 | Spider:2 | Found a runed translucent gate.
 48490 | Spider:2 | Found a runed translucent gate.
 48491 | Spider:2 | Noticed bdfhjk's ghost (adept OpCj)
 48694 | Spider:2 | Killed Roxanne
 49105 | Spider:3 | Reached skill level 10 in Translocations
 49956 | Spider:3 | Noticed Jorgrun
 49961 | Spider:3 | Killed Jorgrun
 50962 | Spider:4 | Entered Level 4 of the Spider Nest
 51077 | Spider:4 | Noticed Mlioglotl
 51088 | Spider:4 | Killed Mlioglotl
 51089 | Spider:4 | Reached skill level 5 in Long Blades
 51089 | Spider:4 | Noticed Donald
 51092 | Spider:4 | Killed Donald
 51264 | Spider:4 | Noticed Aizul
 51280 | Spider:4 | Killed Aizul
 51931 | Spider:4 | Reached skill level 15 in Conjurations
 52034 | Spider:4 | Got a gossamer rune of Zot
 52540 | Crypt:1  | Entered Level 1 of the Crypt
 52856 | Crypt:1  | HP: 4/166 [something/bolt of negative energy (16)]
 53134 | Crypt:1  | Found a basalt altar of Yredelemnul.
 54022 | Crypt:2  | Gained mutation: When seriously injured, your blood forms
                  | very thick armour. (AC +12) [demonic ancestry]
 54022 | Crypt:2  | Reached XP level 22. HP: 177/178 MP: 44/44
 54215 | Crypt:2  | Found a runed translucent door.
 54215 | Crypt:2  | Noticed disskorpion's ghost (veteran OpSh)
 55010 | Crypt:3  | Entered Level 3 of the Crypt
 55318 | Crypt:3  | Found a basalt altar of Yredelemnul.
 55362 | Crypt:3  | Reached skill level 10 in Fire Magic
 55446 | Crypt:3  | Reached skill level 19 in Spellcasting
 55519 | Crypt:3  | Noticed a dread lich
 55528 | Crypt:3  | Killed a dread lich
 56117 | Crypt:3  | Found a basalt altar of Yredelemnul.
 56170 | Crypt:3  | Identified the +6 quick blade of Yredelemnul's Grace {elec,
                  | rC+ Dex-4 Stlth+}
 56209 | Crypt:3  | Learned a level 6 spell: Plasma Beam
 56218 | Crypt:3  | Learned a level 8 spell: Maxwell's Capacitive Coupling
 56329 | Crypt:3  | Identified the amulet of Mecotedgh {Rampage Drain +Inv
                  | Regen+ rCorr}
 56329 | Crypt:3  | Identified the ring "Licsocik" {rN+ Str+2}
 56329 | Crypt:3  | Identified the ring of Vaqey {rC+ rN+}
 56624 | Crypt:3  | Got Ecogrut's Directory of the Autopsy
 56761 | Crypt:3  | Found a staircase to the Tomb.
 57014 | Depths:1 | Entered Level 1 of the Depths
 57033 | Depths:1 | Found Vossupp's General Store.
 57108 | Depths:1 | Found a runed translucent door.
 57145 | Depths:1 | Noticed a golden dragon
 57249 | Depths:1 | Found Gyskeul's Jewellery Shoppe.
 57324 | Depths:1 | Found Lyerae's Antique Armour Shoppe.
 57348 | Depths:1 | Found a one-way gateway to a ziggurat.
 57572 | Depths:1 | Found Riowkidd's Magic Scroll Shop.
 57580 | Depths:1 | Bought a scroll of enchant weapon for 150 gold pieces
 57671 | Depths:1 | Found a one-way gate leading to the halls of Pandemonium.
 57717 | Depths:1 | Found a gateway to Hell.
 58131 | Depths:1 | Reached XP level 23. HP: 186/190 MP: 46/46
 58258 | Depths:1 | Identified the +0 ring mail "Yvoess" {rN+}
 58465 | Depths:2 | Identified the scarf of the Foremost Loafs {shadows,
                  | Stlth+}
 58880 | Depths:2 | Found a faded altar of an unknown god.
 58983 | Depths:2 | Learned a level 7 spell: Haunt
 59231 | Depths:2 | Found a one-way gate to the infinite horrors of the Abyss.
 59684 | Depths:3 | Gained mutation: Your spells are a little easier to cast,
                  | but a little less powerful. [a cacodemon]
 59686 | Depths:3 | Gained mutation: Your spells are easier to cast, but less
                  | powerful. [a cacodemon]
 59701 | Depths:3 | Lost mutation: Your spells are easier to cast, but less
                  | powerful. [potion of mutation]
 59701 | Depths:3 | Lost mutation: Your spells are a little easier to cast, but
                  | a little less powerful. [potion of mutation]
 59701 | Depths:3 | Gained mutation: Your natural rate of healing is unusually
                  | fast. [potion of mutation]
 59701 | Depths:3 | Gained mutation: Armour fits poorly on your strangely
                  | shaped body. [potion of mutation]
 59701 | Depths:3 | Gained mutation: You possess an exceptional clarity of
                  | mind. [potion of mutation]
 59836 | Depths:3 | Found a flickering gateway to a bazaar.
 59846 | Depths:3 | Reached skill level 1 in Necromancy
 59859 | Bazaar   | Entered a bazaar
 59887 | Bazaar   | Found Ukar's Book Shop.
 59913 | Bazaar   | Found Gyugabi's Antique Armour Shop.
 59921 | Bazaar   | Bought a pair of embroidered boots for 217 gold pieces
 59926 | Bazaar   | Bought a spiked scale mail for 261 gold pieces
 59926 | Bazaar   | Identified the +0 scale mail of Pumirros {MP+9} (You bought
                  | it in a shop in a bazaar)
 60193 | Depths:3 | Noticed a royal mummy
 60199 | Depths:3 | Killed a royal mummy
 60320 | Depths:3 | Noticed a royal mummy
 60325 | Depths:3 | Killed a royal mummy
 60526 | Depths:3 | Reached skill level 20 in Spellcasting
 60678 | Depths:1 | Bought the macabre finger necklace {Finger+ rN+} for 560
                  | gold pieces
 60678 | Depths:1 | Found the macabre finger necklace {Finger+ rN+}
 60765 | Depths:4 | Entered Level 4 of the Depths
 60765 | Depths:4 | Noticed Margery
 60786 | Depths:4 | Killed Margery
 61171 | Depths:4 | Found Ivek's Jewellery Shoppe.
 61561 | Depths:4 | Noticed Saint Roka
 61570 | Depths:4 | Killed Saint Roka
 61798 | Depths:4 | Found a gate to the Realm of Zot.
 62223 | Vaults:1 | Killed an ancient lich
 62227 | Vaults:1 | Killed Mefral's ghost
 62437 | Vaults:5 | Entered Level 5 of the Vaults
 62446 | Vaults:5 | Gained mutation: You are very robust. (+20% HP) [demonic
                  | ancestry]
 62446 | Vaults:5 | Reached XP level 24. HP: 164/218 MP: 47/47
 62880 | Vaults:5 | Reached skill level 15 in Air Magic
 62974 | Vaults:5 | Noticed a dread lich
 63538 | Vaults:4 | Killed a dread lich
 63595 | Vaults:5 | Gained mutation: Your magical capacity is low. (-10% MP) [a
                  | shining eye]
 63596 | Vaults:5 | Gained mutation: You are clumsy. (Dex -2) [a shining eye]
 64129 | Vaults:4 | Lost mutation: Your magical capacity is low. (-10% MP)
                  | [potion of mutation]
 64129 | Vaults:4 | Lost mutation: Your natural rate of healing is unusually
                  | fast. [potion of mutation]
 64129 | Vaults:4 | Lost mutation: You are clumsy. (Dex -2) [potion of
                  | mutation]
 64129 | Vaults:4 | Gained mutation: You are dopey. (Int -2) [potion of
                  | mutation]
 64129 | Vaults:4 | Gained mutation: You have sharp fingernails. [potion of
                  | mutation]
 64129 | Vaults:4 | Gained mutation: Your natural rate of healing is unusually
                  | fast. [potion of mutation]
 64130 | Vaults:4 | Lost mutation: Armour fits poorly on your strangely shaped
                  | body. [potion of mutation]
 64130 | Vaults:4 | Lost mutation: You possess an exceptional clarity of mind.
                  | [potion of mutation]
 64130 | Vaults:4 | Gained mutation: You are partially covered in large bone
                  | plates. (SH +4) [potion of mutation]
 64726 | Vaults:5 | Identified the +10 scale mail of Beogh's Condemnation {rF++
                  | Stlth-}
 64841 | Vaults:5 | Got a silver rune of Zot
 64956 | Vaults:5 | Identified the +1 short sword of Plunder {flame, rF+ rC+}
 65078 | Vaults:5 | Identified the +0 mace "Dacuah Emytz" {freeze, Will++
                  | Int-4}
 65303 | Vaults:5 | Identified the +0 ring mail "Fewi" {rPois}
 65327 | Vaults:5 | Identified the staff "Pobryah" {rPois rCorr Int-2 Conj}
 65423 | Vaults:5 | Found Axao's Distillery.
 65428 | Vaults:5 | Identified the +6 scale mail "Ycweira" {rF+}
 65431 | Vaults:5 | Bought a potion of resistance for 200 gold pieces
 65431 | Vaults:5 | Bought a potion of resistance for 200 gold pieces
 65431 | Vaults:5 | Bought a potion of heal wounds for 100 gold pieces
 65431 | Vaults:5 | Bought a potion of curing for 60 gold pieces
 65431 | Vaults:5 | Bought a potion of curing for 60 gold pieces
 65431 | Vaults:5 | Bought a potion of mutation for 160 gold pieces
 65436 | Vaults:5 | Identified the +6 falchion of Somewhere Else {antimagic,
                  | Str+5 Int+3}
 65586 | Vaults:5 | Got Votokk's Grimoire of Ill-starred Venin
 65666 | Vaults:5 | Identified the +0 falchion of Doom {heavy, rC+++ Dex-5 SInv
                  | Stlth+}
 65937 | Vaults:5 | Upgraded the game from 0.31-a0-489-g282fc92437 to
                  | 0.31-a0-506-g3d79149578
 66184 | Hell     | Entered the Vestibule of Hell
 66184 | Hell     | Noticed Geryon
 66197 | Hell     | Found a gateway to the ashen valley of Gehenna.
 66385 | Hell     | Noticed Murray
 66394 | Hell     | Killed Murray
 66410 | Hell     | Reached skill level 10 in Summonings
 66496 | Hell     | Killed Geryon
 66568 | Hell     | Reached skill level 21 in Spellcasting
 66603 | Hell     | Reached skill level 5 in Necromancy
 66720 | Hell     | Found a gateway to the decaying netherworld of Tartarus.
 66910 | Hell     | Found a gateway to the freezing wastes of Cocytus.
 66968 | Hell     | Found a gateway to the Iron City of Dis.
 67378 | Depths:2 | Voluntarily entered the Abyss.
 67783 | Depths:2 | Escaped the Abyss
 67785 | Depths:2 | Voluntarily entered the Abyss.
 67976 | Abyss:2  | Found a stormy altar of Qazlal.
 68051 | Abyss:2  | Reached XP level 25. HP: 228/228 MP: 48/48
 68218 | Abyss:3  | Found a corrupted altar of Lugonu.
 68388 | Depths:2 | Escaped the Abyss
 68493 | Depths:2 | Upgraded the game from 0.31-a0-506-g3d79149578 to
                  | 0.31-a0-516-gfcb59812bd
 68495 | Depths:2 | Voluntarily entered the Abyss.
 68650 | Abyss:3  | Gained mutation: Your body sometimes deteriorates upon
                  | taking damage. [a cacodemon]
 68707 | Depths:2 | Escaped the Abyss
 68874 | Depths:2 | Voluntarily entered the Abyss.
 69117 | Depths:2 | Escaped the Abyss
 69412 | Depths:2 | Voluntarily entered the Abyss.
 69456 | Abyss:3  | Gained mutation: Your spells are a little easier to cast,
                  | but a little less powerful. [a neqoxec]
 69527 | Abyss:3  | Found a transporter.
 69529 | Abyss:3  | Gained mutation: You occasionally lose the ability to read
                  | scrolls when taking damage. [a neqoxec]
 69541 | Abyss:3  | Paralysed by an air elemental for 1 turns
 69631 | Abyss:3  | Found a transporter.
 69635 | Abyss:3  | Found a transporter.
 69636 | Abyss:3  | Got an abyssal rune of Zot
 69645 | Depths:2 | Escaped the Abyss
 69948 | Depths:2 | Lost mutation: You occasionally lose the ability to read
                  | scrolls when taking damage. [potion of mutation]
 69948 | Depths:2 | Lost mutation: Your body sometimes deteriorates upon taking
                  | damage. [potion of mutation]
 69948 | Depths:2 | Lost mutation: You have sharp fingernails. [potion of
                  | mutation]
 69948 | Depths:2 | Gained mutation: A frigid envelope surrounds you and
                  | freezes all who hurt you. [potion of mutation]
 70090 | Zot:1    | Entered Level 1 of the Realm of Zot
 70368 | Zot:1    | Reached skill level 5 in Armour
 70514 | Zot:1    | Reached skill level 10 in Shields
 71805 | Zot:2    | Reached skill level 10 in Shapeshifting
 72706 | Zot:3    | Noticed an orb of fire
 72708 | Zot:3    | Gained mutation: You occasionally shout uncontrollably at
                  | your foes. [an orb of fire]
 72718 | Zot:3    | Killed an orb of fire
 72719 | Zot:3    | Reached skill level 22 in Spellcasting
 72721 | Zot:3    | HP: 9/230 [black draconian/+0 trident (3)]
 72727 | Zot:3    | Killed from afar by a yellow draconian annihilator

Illustrated notes

Levels and vault maps discovered:
D:1:      reono_arrival_forest_river, layout_basic
D:2:      layout_rooms, serial_forest, infiniplex_forest_3_way,
          infiniplex_forest_clump_tiny, infiniplex_forest_straight_3,
          infiniplex_forest_straight_3, infiniplex_forest_lined_2,
          infiniplex_forest_corner_1, infiniplex_forest_fountain,
          shapermc_ecumenical_altar_rom_forum
D:3:      layout_loops_corners
D:4:      gammafunk_wand_slinger, layout_basic, nicolae_uskayaw_en_pointe,
          mainiacjoe_overflow_alcove_2, serial_shops, shop, lightli_minifort
D:5:      layout_basic, slow_altar_1, temple_pool_b, kennysheep_generic_room_9
D:6:      layout_rooms, mainiacjoe_overflow_paths, uniq_grinder
D:7:      layout_cave_pods
D:8:      layout_loops_ring, serial_shops, shop
D:9:      layout_loops_cross, kennysheep_mini_moat, erik_lair_orcish_takeover,
          orc_0_dummy, minivault_16
D:10:     layout_small_grid, serial_shops, shop, hangedman_corner_corridor
D:11:     layout_loops_cross, uniq_erolcha, uniq_sonja
D:12:     layout_roguey, serial_shops, shop
D:13:     layout_layer_cave, lightli_vaults_fourway_checkpoint, laboratory,
          uniq_urug
D:14:     layout_stronghold, zin_angel, grunt_dithmenos_shadows, uniq_rupert,
          uniq_louise
D:15:     hellmonk_depths_entry_around_the_bend, layout_basic, uniq_josephine,
          uniq_kirke
Temple:   nicolae_temple_bog_church
Lair:1:   layout_cave_pods, grunt_megastairs_4, uniq_grum
Lair:2:   layout_regular_city, palyth_hydra_swamp_entry,
          nicolae_spider_entry_lesser_pyramids, serial_bayou_shore_a
Lair:3:   layout_layer_cave, infiniplex_staircase_pool, grunt_megastairs_5
Lair:4:   layout_gridlike, slime_entry_1, beast_lair_carwin_11
Lair:5:   hangedman_lair_tendril_chambers, layout_regular_city,
          grunt_megastairs_2
Swamp:1:  cheibrodos_swamp_tower_of_moss, layout_falls_marsh,
          gammafunk_ghost_necromancy, nicolae_swamp_orc_logging_accident
Swamp:2:  layout_basic_swamp, evilmike_swamp_ruin_rubble_1
Swamp:3:  layout_falls_marsh, evilmike_swamp_ruin_house_3,
          nicolae_swamp_no_escape
Swamp:4:  swamp_old_school, layout_basic_swamp, swamp_pool1
Spider:1: layout_spider_delve
Spider:2: layout_spider_delve, ebering_ghost_rock_garden,
          nicolae_looking_at_the_future, uniq_roxanne
Spider:3: layout_spider_delve, nicolae_spider_swamp_cousins, uniq_jorgrun
Spider:4: floodkiller_spider_rune_tomb, uniq_aizul, uniq_donald, uniq_mlioglotl
Orc:1:    layout_caves, uniq_fannar
Orc:2:    st_orc_elflike, layout_caves, basic_altar
Elf:1:    eino_elf_arrival_sip, layout_geoelf_octagon, minivault_28
Elf:2:    elven_hall_of_blades_hangedman_original [nicolae_blade_tridents],
          layout_geoelf_octagon, serial_shops, shop
Elf:3:    minmay_elf_hall_hex, layout_gridlike
Vaults:1: gammafunk_ghost_mausoleum, v_misc_19, hangedman_vaults_slither,
          hangedman_vaults_restitches, nicolae_vaults_weapon_check,
          nicolae_vaults_diamond_1, nicolae_vaults_surprise_closet,
          nicolae_vaults_surprise_closet, nicolae_vaults_house_1,
          nicolae_vaults_tetromino_L_2, layout_vaults_big_room
Vaults:2: mu_enter_wizlab_4, hangedman_vaults_hat, v_misc_30,
          nicolae_vaults_door_testing_chamber, grunt_vaults_diagonal,
          ontoclasm_vaults_gateway, nicolae_vaults_tetromino_L_2,
          nicolae_vaults_security_offices_6, layout_vaults_omnigrid,
          serial_shops, shop_statue, shop, shop, nicolae_shop_scrapyard,
          uniq_frederick
Vaults:3: nicolae_vaults_heist, nicolae_vaults_yaktaur_gun_rack,
          nicolae_vaults_tetromino_T_1, nicolae_vaults_trapezoid_1,
          nicolae_vaults_mini_display_case, hangedman_vaults_corner_blocks,
          minmay_crypt_entry_nasty_monster,
          vaults_standard_mumra_enter_the_diamond, v_rooms_6,
          hangedman_vaults_nodes, layout_vaults_omnicross
Vaults:4: ontoclasm_vaults_shout, grunt_vaults_focal, v_pattern_3,
          nicolae_vaults_turnstiles, hangedman_vaults_nails,
          nicolae_vaults_triangles, ontoclasm_vaults_bender,
          nicolae_vaults_apartment_2, hangedman_vaults_corner,
          nicolae_vaults_network_barrier, v_misc_23, layout_vaults_ring
Vaults:5
Crypt:1:  layout_chaotic_city, basic_altar, serial_sigils_hangedman_gut
Crypt:2:  layout_chaotic_city, gammafunk_ghost_grave
Crypt:3:  church_of_pain_bobbens, layout_chaotic_city,
          tomb_entry_forgotten_bobbens, lemuel_statue_altar
Depths:1: layout_roguey, enter_ziggurat_d, serial_shops, shop,
          nicolae_shop_gaudy_bauble, nicolae_shop_trees,
          nicolae_shop_just_a_little_nook,
          nicolae_hell_entry_hellmouth_sunbeams, pan_entry, minivault_14,
          lightli_gold_pyramid
Depths:2: dreamdust_tengu_aerie, layout_cave_pools, grunt_pan_entry_zigzag,
          nicolae_concentric_dashed_squares_wild, abyss_entry_small_statue_room,
          pf_hell_entry_tar_spiral, serial_column_ruins,
          column_ruins_portal_squares, column_ruins_temple_circle,
          column_ruins_hut, column_ruins_grid_2, column_ruins_columns_straight,
          column_ruins_open_tiny, column_ruins_open_medium
Depths:3: ragdoll_tomb_raider, layout_cave_pools, hangedman_decor_push,
          serial_shops, bzr_entry_water, marbit_kobold_abyss_entry,
          rand_demon_pan_entry_4, hell_entry, minmay_staircase_windowed_large
Depths:4: evilmike_zot_entry_round, layout_basic, serial_shops,
          nicolae_inconvenience_store, hell_entry,
          chequers_serial_rivers_micro_e, nicolae_integral_box,
          serial_bayou_shore_b, uniq_margery, uniq_saint_roka
Hell
Zot:1:    layout_misc_corridors, grunt_megastairs_3
Zot:2:    layout_concentric_octagons
Zot:3:    lemuel_firehouse, layout_onion_interference, gammafunk_ghost_grave,
          hangedman_zot_decor_scrapings, hangedman_swamp_dais, uniq_vv

Skill      XL: |  1  2  3  4  5  6  7  8  9 10 11 12 13 14 15 16 17 18 19 20 21 22 23 24 25 |
---------------+----------------------------------------------------------------------------+-----
Fighting       | 1 2 3 4 5 6 7 8 9 10 11 12 13 14 | 14.4
Dodging        | 2 3 4 5 6 7 8 9 10 11 12 | 12.5
Conjurations   | 5 6 7 8 9 10 11 12 13 14 15 16 17 18 | 18.2
Spellcasting   | 3 4 5 7 8 9 11 12 13 14 15 16 17 18 19 20 21 22 | 22.0
Short Blades   | 1 2 4 5 6 7 8 |  8.5
Stealth        | 2 3 |  3.7
Translocations | 1 2 3 4 5 6 7 8 9 10 | 10.0
Air Magic      | 1 2 3 4 6 7 8 10 11 12 13 14 15 16 | 16.0
Shapeshifting  | 1 2 3 4 5 6 7 8 9 10 | 10.1
Fire Magic     | 1 2 3 4 5 6 7 8 9 10 11 12 | 12.8
Shields        | 3 5 6 7 8 9 10 | 10.0
Armour         | 1 2 3 4 5 |  5.2
Ice Magic      | 1 2 3 4 |  4.3
Unarmed Combat | 4 5 6 7 |  7.0
Summonings     | 1 3 4 5 6 7 8 9 10 11 | 11.0
Long Blades    | 1 3 4 5 6 7 |  7.7
Evocations     | 2 3 |  3.7
Necromancy     | 3 5 7 |  7.1
Throwing       | |  0.2

Action                     |  1- 3 |  4- 6 |  7- 9 | 10-12 | 13-15 | 16-18 | 19-21 | 22-24 | 25-27 || total
---------------------------+-------+-------+-------+-------+-------+-------+-------+-------+-------++-------
  Melee: Dagger            |     9 |       |    13 |    13 |    60 |       |       |       |       ||    95
         Short sword       |       |       |     4 |       |       |       |       |       |       ||     4
         Tailslap          |       |       |     2 |     3 |    20 |     6 |     6 |     2 |     2 ||    41
         Rapier            |       |       |       |       |    34 |    27 |       |       |       ||    61
         Double sword      |       |       |       |       |       |       |    19 |     2 |       ||    21
         Staff             |       |       |       |       |       |       |     6 |     7 |     6 ||    19
  Throw: Dart              |       |     2 |     3 |     1 |     1 |       |       |       |       ||     7
   Cast: Magic Dart        |    76 |    79 |    97 |    70 |       |       |       |       |       ||   322
         Searing Ray       |     2 |    16 |    62 |    53 |       |       |       |       |       ||   133
         Iskenderun's Myst |       |       |    23 |   128 |   172 |   222 |   323 |   206 |   137 ||  1211
         Airstrike         |       |       |       |   172 |   418 |   496 |   169 |       |     3 ||  1258
         Fireball          |       |       |       |       |    33 |       |     1 |       |       ||    34
         Freezing Cloud    |       |       |       |       |   120 |   178 |   121 |    11 |       ||   430
         Arcjolt           |       |       |       |       |       |     9 |       |    18 |       ||    27
         Orb of Destructio |       |       |       |       |       |    65 |   671 |   578 |   252 ||  1566
         Plasma Beam       |       |       |       |       |       |       |       |   411 |   237 ||   648
         Summon Cactus Gia |       |       |       |       |       |       |       |     1 |       ||     1
  Evoke: Wand              |       |       |       |     1 |     1 |     5 |     3 |     2 |       ||    12
         Condenser vane    |       |       |       |       |       |       |       |     1 |     1 ||     2
         Horn of Geryon    |       |       |       |       |       |       |       |       |     1 ||     1
         Box of beasts     |       |       |       |       |       |       |       |       |     1 ||     1
    Use: Scroll            |       |     1 |       |     9 |    16 |    25 |     3 |     6 |     6 ||    66
         Potion            |       |       |       |       |       |    13 |     4 |     6 |     8 ||    31
   Stab: Sleeping          |       |       |     1 |       |       |       |       |       |       ||     1
 Armour: Robe              |     3 |     3 |    21 |    19 |       |       |       |       |       ||    46
         Troll leather arm |       |       |       |     6 |    30 |    10 |     2 |       |       ||    48
         Scale mail        |       |       |       |       |     5 |    21 |       |    38 |   183 ||   247
         Swamp dragon scal |       |       |       |       |       |    35 |       |       |       ||    35
         Ring mail         |       |       |       |       |       |       |    80 |    93 |       ||   173
  Dodge: Dodged            |    26 |    10 |    44 |    52 |    67 |    97 |   141 |   156 |   146 ||   739
  Block: Buckler           |       |       |       |       |    22 |    45 |       |       |       ||    67
         Orb               |       |       |       |       |       |       |       |    19 |    37 ||    56
         Form:             |       |       |       |       |       |       |       |     1 |       ||     1
         Statue            |       |       |       |       |       |       |       |     1 |       ||     1
         Anaconda          |       |       |       |       |       |       |       |     1 |       ||     1
         Storm             |       |       |       |       |       |       |       |     1 |       ||     1

Table legend: (Time is in decaauts)
 A = Elapsed time spent in this place.
 B = Non-inter-level travel time spent in this place.
 C = Inter-level travel time spent in this place.
 D = Time resting spent in this place.
 E = Time spent auto-exploring this place.
 F = Levels seen in this place.
 G = Mean time per level.
                   A        B        C        D        E       F      G
               +--------+--------+--------+--------+--------+-----+--------+
         Total |  73252 |  67398 |   5854 |   8966 |  47482 |  59 | 1241.6 |
       Dungeon |  17838 |  15844 |   1994 |   1556 |  12050 |  15 | 1189.2 |
        Temple |     41 |     23 |     18 |      0 |      0 |   1 |   41.0 |
          Lair |   8105 |   6885 |   1220 |    489 |   5551 |   5 | 1621.0 |
         Swamp |   5156 |   4936 |    220 |    743 |   3506 |   4 | 1289.0 |
   Spider Nest |   7729 |   7060 |    669 |   1010 |   4975 |   4 | 1932.2 |
  Orcish Mines |   1591 |   1429 |    162 |     50 |   1109 |   2 |  795.5 |
   Elven Halls |   3154 |   2962 |    192 |    426 |   1873 |   3 | 1051.3 |
        Vaults |  12464 |  11725 |    739 |   2260 |   7660 |   5 | 2492.8 |
         Crypt |   4326 |   4231 |     95 |    430 |   3099 |   3 | 1442.0 |
        Depths |   6270 |   5798 |    472 |   1214 |   3720 |   4 | 1567.5 |
          Hell |   1164 |   1155 |      9 |    183 |    694 |   1 | 1164.0 |
           Zot |   2422 |   2364 |     58 |    272 |   1757 |   3 |  807.3 |
         Abyss |   1705 |   1705 |      0 |     22 |    884 |   7 |  243.6 |
        Bazaar |     84 |     84 |      0 |      0 |     58 |   1 |   84.0 |
        Wizlab |   1194 |   1194 |      0 |    310 |    542 |   1 | 1194.0 |
               +--------+--------+--------+--------+--------+-----+--------+

Top non-repeatable levels by time:
Vaults:4: 4203 daAuts
Spider:1: 2679 daAuts
Vaults:2: 2426 daAuts
Vaults:3: 2363 daAuts
Depths:2: 2320 daAuts
Spider:3: 2200 daAuts
    D:13: 2193 daAuts
  Lair:5: 2109 daAuts
  Lair:2: 2107 daAuts
   Elf:3: 1906 daAuts
Vaults:1: 1877 daAuts
 Crypt:3: 1735 daAuts
 Swamp:1: 1597 daAuts
Vaults:5: 1593 daAuts
Spider:2: 1566 daAuts
